 Dungeon Crawl Stone Soup version 0.30.2 (webtiles) character file.

Game seed: 1418267655627352224

3276401 FexLirch the Planerender (level 27, 180/180 HPs)
             Began as a Tengu Summoner on June 14, 2023.
             Was an Initiate of Gozag.
             Escaped with the Orb
             ... and 5 runes on Feb 26, 2024!
             The game lasted 08:56:48 (65994 turns).

FexLirch the Planerender (Tengu Summoner)          Turns: 65994, Time: 08:56:49

Health: 180/180    AC: 19    Str:  6    XL:     27
Magic:  12/57      EV: 46    Int: 30    God:    Gozag
Gold:   7410       SH:  0    Dex: 31    Spells: 5/67 levels left

rFire   + . .        J - +7 lajatang of Order {silver, rMut}
rCold   + + .        (shield currently unavailable)
rNeg    + . .        u - +5 steam dragon scales of Waxoreag {rPois rCorr MP+9}
rPois   +            P - +2 hat {Int+3}
rElec   +            K - scarf {rC+ rF+}
rCorr   +            N - +3 pair of gauntlets of War {Slay+5}
SInv    +            (boots unavailable)
Will    +++++        d - amulet of Fuprugof {RegenMP Dex+3}
Stlth   ++           m - ring "Vieleven" {*Corrode Will+++ Str-4 Dex+6 SInv}
HPRegen 0.50/turn    U - ring of Poasopp {rElec rC+ rN+ Will+ Dex+6}
MPRegen 0.75/turn

%: corrode self (3%), resist mutation
@: forested, calling dragons, flying quickly and evasively, studying 2 skills,
quick
A: beak, talons 3, nimble flight, iridescent scales 1, wild magic 1
0: Orb of Zot
}: 5/15 runes: decaying, serpentine, slimy, silver, abyssal
a: Renounce Religion, Potion Petition, Call Merchant, Bribe Branch


You escaped.
You worshipped Gozag.
Gozag was greatly pleased with you.
You visited 12 branches of the dungeon, and saw 56 of its levels.
You visited the Abyss 3 times.
You also visited: Bailey and Wizlab.

You collected 37182 gold pieces.
You spent 5527 gold pieces at shops.
You paid 24245 gold pieces to Gozag.

Inventory:

Hand Weapons
 e - the +9 quarterstaff "Ykotuer" {flame, Str+2 Int+3 Dex+3}
   (You found it on level 13 of the Dungeon)

   Str:       It affects your strength (+2).
   Int:       It affects your intelligence (+3).
   Dex:       It affects your dexterity (+3).
 q - a +1 lajatang of distortion
 J - the +7 lajatang of Order (weapon) {silver, rMut}
   (You took it off a deep elf elementalist on level 3 of the Elven Halls)

   rMut:      It protects you from mutation.
Missiles
 B - 2 throwing nets
Armour
 c - the +0 robe of the Undertaker {rN++ Will+ Str+2 Dex+4}
   (You bought it in a shop on level 14 of the Dungeon)

   Str:       It affects your strength (+2).
   Dex:       It affects your dexterity (+4).
   rN:        It greatly protects you from negative energy.
   Will:      It increases your willpower.
 u - the +5 steam dragon scales of Waxoreag (worn) {rPois rCorr MP+9}
   (You bought it in a shop on level 14 of the Dungeon)

   rPois:     It protects you from poison.
   MP:        It affects your magic capacity (+9).
   rCorr:     It protects you from acid and corrosion.
 z - the +0 pair of gloves of Liwih {rC+}
   (You found it on level 2 of the Swamp)

   rC:        It protects you from cold.
 K - a scarf of resistance (worn)
 N - the +3 pair of gauntlets of War (worn) {Slay+5}
   (You bought it in a shop on level 4 of the Lair of Beasts)

   Slay:      It affects your accuracy & damage with ranged weapons and melee
   (+5).
 P - a +2 hat of intelligence (worn)
 R - a +2 kite shield of fire resistance
Magical Staves
 i - the staff of cold "Usavovuych" {rC+ Str+2 Int+4}
   (You found it on level 4 of the Vaults)

   [staff of cold]

   Base accuracy: +5 Base damage: 5 Base attack delay: 1.2 This weapon's minimum
   attack delay (0.6) is reached at skill level 12.
   Str:       It affects your strength (+2).
   Int:       It affects your intelligence (+4).
   rC:        It protects you from cold.
   It falls into the 'Staves' category.
   It is a one-handed weapon.
Jewellery
 d - the amulet of Fuprugof (around neck) {RegenMP Dex+3}
   (You found it on level 5 of the Vaults)

   [amulet of magic regeneration]

   It increases your rate of magic regeneration.
   Dex:       It affects your dexterity (+3).
 f - the ring "Jiypeil" {rF+ MP+9 SInv}
   (You found it on level 5 of the Vaults)

   [ring of magical power]

   rF:        It protects you from fire.
   MP:        It affects your magic capacity (+9).
   SInv:      It lets you see invisible.
 m - the ring "Vieleven" (left hand) {*Corrode Will+++ Str-4 Dex+6 SInv}
   (You bought it in a shop on level 14 of the Dungeon)

   [ring of dexterity]

   Str:       It affects your strength (-4).
   Dex:       It affects your dexterity (+6).
   SInv:      It lets you see invisible.
   *Corrode:  It may corrode you when you take damage.
   Will:      It greatly increases your willpower.
 n - a ring of see invisible
 y - the ring "Jiuxtel" {rPois rC+}
   (You found it on level 2 of the Lair of Beasts)

   [ring of poison resistance]

   rC:        It protects you from cold.
   rPois:     It protects you from poison.
 D - the ring "Tantazoc" {rC+ rN++ MP+9}
   (You found it on level 3 of the Elven Halls)

   [ring of protection from cold]

   rC:        It protects you from cold.
   rN:        It greatly protects you from negative energy.
   MP:        It affects your magic capacity (+9).
 F - a ring of willpower
 G - a +6 ring of intelligence
 M - the ring "Beicitwiu" {rF+ rN+}
   (You took it off a skeletal warrior on level 3 of the Crypt)

   [ring of positive energy]

   rF:        It protects you from fire.
   rN:        It protects you from negative energy.
 Q - a ring of magical power
 U - the ring of Poasopp (right hand) {rElec rC+ rN+ Will+ Dex+6}
   (You bought it in a shop on level 1 of the Orcish Mines)

   [ring of dexterity]

   Dex:       It affects your dexterity (+6).
   rC:        It protects you from cold.
   rElec:     It insulates you from electricity.
   rN:        It protects you from negative energy.
   Will:      It increases your willpower.
 V - a ring of resist corrosion
 Z - a +4 ring of protection
Wands
 C - a wand of digging (4)
 H - a wand of light (41)
 X - a wand of roots (42)
Scrolls
 h - 8 scrolls of blinking
 t - 17 scrolls of teleportation
 v - 5 scrolls of torment
 w - 15 scrolls of vulnerability
 A - 11 scrolls of enchant armour
 E - 10 scrolls of poison
 I - 2 scrolls of silence
 L - 5 scrolls of magic mapping
 O - 10 scrolls of fog
 T - 5 scrolls of summoning
 W - 6 scrolls of fear
 Y - 16 scrolls of immolation
Potions
 a - 3 potions of mutation
 b - 3 potions of magic
 g - 10 potions of berserk rage
 j - 13 potions of heal wounds
 k - 2 potions of ambrosia
 l - 8 potions of attraction
 o - 15 potions of haste
 p - 25 potions of curing
 r - 3 potions of cancellation
 s - 8 potions of resistance
 x - 10 potions of brilliance
 S - 9 potions of might


   Skills:
 + Level 20.6 Fighting
 - Level 9.0 Staves
 - Level 7.0 Armour
 + Level 22.4 Dodging
 - Level 10.0 Stealth
 + Level 20.6 Spellcasting
 - Level 5.3 Hexes
 O Level 27 Summonings
 + Level 17.6 Necromancy
 + Level 10.0 Translocations
 - Level 2.6 Transmutations
 - Level 7.0 Fire Magic
 - Level 8.2 Air Magic
 - Level 2.0 Earth Magic


You had 5 spell levels left.
You knew the following spells:

 Your Spells              Type           Power      Damage    Failure   Level
a - Dragon's Call         Summ           64%        N/A       3%          9
b - Haunt                 Necr/Summ      60%        N/A       1%          7
c - Summon Horrible Thin  Summ           64%        N/A       1%          8
d - Malign Gateway        Summ/Tloc      55%        N/A       1%          7
e - Sublimation of Blood  Necr           100%       N/A       1%          2
f - Inner Flame           Hex/Fire       73%        N/A       1%          3
g - Summon Forest         Summ/Tloc      55%        N/A       1%          5
h - Summon Hydra          Summ           64%        N/A       1%          7
i - Airstrike             Air            40%        2d(6-22)  1%          4
j - Blink                 Tloc           100%       N/A       1%          2
k - Apportation           Tloc           100%       N/A       1%          1
m - Swiftness             Air            81%        N/A       1%          3
n - Passage of Golubria   Tloc           87%        N/A       1%          4

Your spell library contained the following spells:

 Spells                   Type           Power      Damage    Failure   Level
 Necrotise                Necr           100%       1d9       1%          1
 Shock                    Conj/Air       100%       1d9       1%          1
 Sting                    Tmut/Pois      100%       1d8       1%          1
 Summon Small Mammal      Summ           100%       N/A       1%          1
 Call Imp                 Summ           100%       N/A       1%          2
 Cigotuvi's Dreadful Rot  Necr/Pois/Air  100%       N/A       1%          2
 Ensorcelled Hibernation  Hex/Ice        100%       N/A       1%          2
 Lesser Beckoning         Tloc           100%       N/A       1%          2
 Momentum Strike          Conj/Tloc      100%       3d10      1%          2
 Passwall                 Tmut/Erth      45%        N/A       1%          2
 Poisonous Vapours        Pois/Air       100%       N/A       1%          2
 Wereblood                Tmut           57%        N/A       1%          2
 Call Canine Familiar     Summ           100%       N/A       1%          3
 Confusing Touch          Hex            69%        N/A       1%          3
 Gell's Gravitas          Tloc           87%        N/A       1%          3
 Ignite Poison            Fire/Tmut/Pois 60%        N/A       1%          3
 Portal Projectile        Hex/Tloc       100%       N/A       1%          3
 Summon Guardian Golem    Hex/Summ       100%       N/A       1%          3
 Teleport Other           Tloc           87%        N/A       1%          3
 Tukima's Dance           Hex            69%        N/A       1%          3
 Vhi's Electric Charge    Tloc/Air       100%       N/A       1%          3
 Volatile Blastmotes      Fire/Tloc      100%       2d18      1%          3
 Anguish                  Hex/Necr       46%        N/A       1%          4
 Animate Armour           Summ/Erth      100%       N/A       1%          4
 Dispel Undead            Necr           100%       3d31      1%          4
 Summon Ice Beast         Ice/Summ       98%        N/A       1%          4
 Summon Lightning Spire   Summ/Air       100%       N/A       1%          4
 Agony                    Necr           100%       N/A       1%          5
 Borgnjor's Vile Clutch   Necr/Erth      43%        N/A       1%          5
 Summon Mana Viper        Hex/Summ       100%       N/A       1%          5
 Dazzling Flash           Conj/Hex       100%       N/A       2%          3
 Mephitic Cloud           Conj/Pois/Air  58%        N/A       2%          3
 Cause Fear               Hex            34%        N/A       2%          4
 Spider Form              Tmut/Pois      50%        N/A       3%          3
 Iskenderun's Mystic Bla  Conj/Tloc      68%        2d14      3%          4
 Silence                  Hex/Air        37%        N/A       3%          5
 Flame Wave               Conj/Fire      61%        2d14      4%          4
 Leda's Liquefaction      Hex/Erth       31%        N/A       4%          4
 Sticky Flame             Conj/Fire      61%        2d8       4%          4
 Frozen Ramparts          Ice            80%        1d13      6%          3
 Hailstorm                Conj/Ice       40%        3d10      6%          3
 Fulminant Prism          Conj/Hex       28%        3d13      7%          4
 Petrify                  Tmut/Erth      55%        N/A       8%          4
 Arcjolt                  Conj/Air       32%        1d42      10%         5
 Yara's Violent Unravell  Hex/Tmut       31%        3d13      10%         5
 Ice Form                 Ice/Tmut       50%        N/A       11%         4
 Blade Hands              Tmut           28%        N/A       16%         5
 Freezing Cloud           Conj/Ice/Air   29%        6-21      16%         5
 Metabolic Englaciation   Hex/Ice        28%        N/A       16%         5
 Olgreb's Toxic Radiance  Pois           40%        N/A       17%         4
 Lee's Rapid Deconstruct  Erth           27%        3d14*     21%         5
 Alistair's Intoxication  Tmut/Pois      33%        N/A       26%         5
 Irradiate                Conj/Tmut      25%        3d20      26%         5
 Death Channel            Necr           54%        N/A       1%          6
 Summon Cactus Giant      Summ           64%        N/A       1%          6
 Monstrous Menagerie      Summ           64%        N/A       1%          7
 Spellforged Servitor     Conj/Summ      49%        N/A       7%          7
 Borgnjor's Revivificati  Necr           54%        N/A       9%          8
 Infestation              Necr           54%        N/A       9%          8
 Plasma Beam              Fire/Air       39%        2x1d58    12%         6
 Starburst                Conj/Fire      30%        6d9       47%         6
 Statue Form              Tmut/Erth      36%        N/A       65%         6
 Death's Door             Necr           54%        N/A       73%         9
 Eringya's Noxious Bog    Tmut/Pois      25%        N/A       78%         6
 Enfeeble                 Hex            34%        N/A       82%         7
 Iron Shot                Conj/Erth      24%        9d5       83%         6
 Necromutation            Tmut/Necr      43%        N/A       83%         8
 Maxwell's Capacitive Co  Air            40%        ∞         97%         8
 Dragon Form              Tmut           28%        N/A       99%         7
 Ignition                 Fire           38%        3d11      99%         8
 Orb of Destruction       Conj           20%        9d8       100%        7
 Lehudib's Crystal Spear  Conj/Erth      24%        10d7      100%        8
 Animate Dead             Necr           Unusable   N/A       N/A         4
 Simulacrum               Ice/Necr       Unusable   N/A       N/A         6

Dungeon Overview and Level Annotations

Branches:
Dungeon (15/15)            Temple (1/1) D:5            Lair (5/5) D:8
  Swamp (4/4) Lair:2        Snake (4/4) Lair:2        Slime (5/5) Lair:4
    Orc (2/2) D:11            Elf (3/3) Orc:2        Vaults (5/5) D:14
  Crypt (3/3) Vaults:3       Tomb (0/3) Crypt:3      Depths (4/4) D:15
    Zot (5/5) Depths:4     Bailey (visited)          WizLab (visited)

Altars:
Ashenzari
Dithmenos
Elyvilon
Fedhas
Gozag
Hepliaklqana
Kikubaaqudgha
Nemelex Xobeh
Okawaru
Ru
Sif Muna
Trog
Uskayaw
Vehumet
Xom
Yredelemnul
Zin
Jiyva

Shops:
D:11 ?   D:12 (   D:14 [*   Orc:1 *=   Orc:2 *?=[   Elf:1 ==   Lair:4 [
Vaults:3 (   Vaults:4 [[

Portals:
Hell: Depths:1 Depths:2 Depths:3 Depths:4
Abyss: Depths:2 Depths:3
Pandemonium: Depths:1 Depths:2
Ziggurat: Depths:2

Annotations:
D:3 exclusion: downstairs
Swamp:1 3 runed translucent doors, jurchenman's ghost, journeyman MiFi
Snake:2 2 transporters, Natenado's ghost, adept DjFE
Snake:3 1 exclusion
Slime:2 exclusion: upstairs
Slime:5 1 exclusion
Crypt:3 Khufu


Innate Abilities, Weirdness & Mutations

You have a beak for a mouth.
You have claws for feet.
Your magical nature lets you fly swiftly and evasively.
You are partially covered in iridescent scales. (AC +2)
Your spells are a little harder to cast, but a little more powerful.


Message History

Level annotation: exclusion: downstairs
There is a stone staircase leading down here.
There is a stone staircase leading up here.
You fly upwards.
There is a stone staircase leading down here.
There is a stone staircase leading up here.
You fly upwards.
There is a stone staircase leading down here.
Aiming: Dig
Press: ? - help, Shift-Dir - straight line A rock wall.
This square is covered in magical glow.
The rock shatters into small pieces.
There is a staircase leading out of the dungeon here.
Casting: Summon Horrible Things (mildly dangerous; 1% risk of failure)
Confirm with . or Enter, or press ? or * to list all spells.
A forested plane collides here with a resounding crunch!
Your dryad calls out to the forest.
The forest starts to sway and rumble!
Casting: Summon Forest (safe; 1% risk of failure)
Confirm with . or Enter, or press ? or * to list all spells.
A four-headed hydra appears.
Casting: Summon Hydra (mildly dangerous; 1% risk of failure)
Confirm with . or Enter, or press ? or * to list all spells.
The trees move their gnarly branches around.
Casting: Summon Horrible Things (mildly dangerous; 1% risk of failure)
Confirm with . or Enter, or press ? or * to list all spells.
You call out to the draconic realm, and the dragon horde roars back!
Casting: Dragon's Call (dangerous; 3% risk of failure)
Confirm with . or Enter, or press ? or * to list all spells.
Casting: Summon Horrible Things (mildly dangerous; 1% risk of failure)
Confirm with . or Enter, or press ? or * to list all spells.
A four-headed hydra appears.
Casting: Summon Hydra (mildly dangerous; 1% risk of failure)
Confirm with . or Enter, or press ? or * to list all spells.
An eight-headed hydra appears.
Your four-headed hydra disappears in a puff of smoke!
Branches wave dangerously above you.
The forest calms down.
You have escaped!

.#....>#
♣♣.♣♣♣
.#.###.#
♣....♣ .#.#
#.# ♣♣.♣♣♣
...# #.#
♣.♣♣♣ ...#
#.# ♣♣..♣
...# #.#
♣...♣ .#.#
#.# ♣♣D.♣
##.# #.##
♣XXD♣♣
#.###..#
♣R@X♣♣
#...##.#
♣♣XXX♣♣
###.##.#
♣.XX>♣
#....#
♣♣♣.♣♣♣
##†###
♣..♣.♣ #.#
♣♣♣..♣ #.#
♣...♣♣ #.#
♣..♣♣
#.#######..#


You could see 2 friendly tentacled monstrosities, a friendly eight-headed hydra
(summoned), a friendly four-headed hydra (summoned), a friendly dryad (summoned)
and 6 friendly large abominations.

Vanquished Creatures
  A tentacled monstrosity (Abyss:3)
  An acid blob (Slime:5)
  A tengu reaver (Vaults:4)
  A storm dragon (Depths:2)
  A shadow dragon (Vaults:5)
  A revenant (Crypt:2)
  An azure jelly (Slime:5)
  A draconian annihilator (Zot:1)
  2 very ugly things
  A draconian shifter (Zot:5)
  A caustic shrike skeleton (Crypt:3)
  An ironbound preserver (Vaults:1)
  3 quicksilver oozes
  2 white draconians (Zot:1)
  An eidolon (Crypt:1)
  A yaktaur captain (Vaults:4)
  A shambling mangrove (Swamp:3)
  2 vault guards
  A rakshasa (Abyss:3)
  A hydra (Lair:2)
  A spriggan air mage (Depths:3)
  2 centaur warriors (D:15)
  A ghost crab (Swamp:4)
  A two-headed ogre (D:10)
  An alligator (Swamp:1)
  A shock serpent (shapeshifter) (Vaults:5)
  A titan zombie (Crypt:2)
  A hell knight (Depths:4)
  A hell hog (Abyss:3)
  A shock serpent (Snake:4)
  A deep elf knight (Elf:2)
  Sonja (D:13)
  A fire crab (Lair:2)
  A death drake (Swamp:4)
  A bog body (Swamp:2)
  A deep troll (Vaults:4)
  2 phantasmal warriors
  An ironbound convoker (Vaults:4)
  3 deep elf zephyrmancers
  An orc knight (Vaults:5)
  A mana viper (Snake:4)
  A deep elf pyromancer (Elf:3)
  A large abomination (Abyss:3)
  A shining eye (Slime:5)
  A manticore (shapeshifter) (Vaults:5)
  2 will-o-the-wisps
  A rust devil (Abyss:3)
  3 moths of wrath
  2 black mambas
  A stone giant skeleton (Depths:1)
  2 cane toads
  2 smoke demons (Abyss:3)
  2 centaur skeletons (Crypt:3)
  2 komodo dragons (Lair:1)
  A freezing wraith (Abyss:3)
  A yaktaur (Vaults:1)
  A tengu conjurer (Depths:1)
  A green draconian skeleton (Crypt:3)
  2 bloated husks
  A sea snake skeleton (Crypt:2)
  A troll (Orc:1)
  Grinder (D:5)
  A polar bear (Lair:5)
  2 raiju (Abyss:3)
  A blink frog (Lair:2)
  A dream sheep (Lair:5)
  6 slime creatures
  4 small abominations
  A centaur simulacrum (Crypt:1)
  A culicivora (Vaults:1)
  An air elemental (Elf:2)
  A wyvern (shapeshifter) (Abyss:3)
  2 wraiths
  2 water elementals
  2 black mamba skeletons (Crypt:3)
  6 yaks
  A vampire (Crypt:3)
  5 nameless horrors
  A chaos spawn (Zot:4)
  A neqoxec (Abyss:3)
  A vampire mosquito (Swamp:2)
  5 swamp worms
  2 wargs
  2 nagas
  A naga skeleton (Crypt:3)
  4 orc warriors
  3 swamp drakes (Swamp:4)
  2 wolves
  3 bullfrogs
  2 earth elementals (WizLab)
  3 killer bees
  2 jellies (Lair:1)
  A lava snake (Lair:2)
  A hound (D:7)
  An orc priest (Orc:2)
  2 orc wizards
  An iguana (D:7)
  A lightning spire (WizLab)
  A hound skeleton (Crypt:2)
  A mummy (Crypt:3)
  2 adders
  5 gnolls
  A lava snake skeleton (Crypt:1)
  A dart slug (D:4)
  14 orcs
  3 endoplasms
  6 goblins
  2 hobgoblins (D:1)
  A jackal (D:4)
  2 quokkas (D:1)
  4 ball pythons
  A dart slug zombie (Crypt:1)
  2 kobolds
  An orc skeleton (Crypt:2)
  3 rats
  A rat skeleton (Crypt:3)
207 creatures vanquished.

Vanquished Creatures (collateral kills)
  the Royal Jelly (Slime:5)
  Dissolution (Slime:3)
  3 dread liches
  8 ancient liches
  An orb of fire (Zot:5)
  A juggernaut (Depths:3)
  Josephina (Crypt:1)
  Vashnia (Snake:3)
  5 Killer Klowns
  the Lernaean hydra (Swamp:4)
  Margery (Vaults:4)
  Bai Suzhen (Depths:1)
  10 golden dragons
  Nikola (Depths:1)
  5 bone dragons
  3 electric golems
  Jorgrun (Snake:1)
  A Hell Sentinel (D:14)
  8 tentacled monstrosities
  An Ice Fiend (Depths:3)
  A walking crystal tome (Depths:3)
  Zenata (Elf:3)
  6 liches
  Mlioglotl (Swamp:4)
  25 Orb Guardians
  3 titans
  4 deep elf blademasters (Elf:3)
  5 quicksilver dragons
  17 acid blobs
  Gastronok (Lair:2)
  13 sphinxes
  4 tentacled starspawn (Abyss:3)
  6 ancient champions
  An eldritch tentacle (Vaults:5)
  9 death cobs
  12 shadow dragons
  A thorn hunter (Swamp:4)
  2 tengu reavers
  13 storm dragons
  A draconian monk (Depths:4)
  2 revenants
  17 rockslimes
  4 nagarajas
  7 fire giants
  9 deep elf sorcerers
  9 frost giants
  13 azure jellies
  5 draconian knights
  A fenstrider witch (Swamp:3)
  Aizul (Snake:2)
  A draconian shifter (Depths:4)
  14 vault wardens
  2 iron dragons (Vaults:5)
  3 draconian scorchers
  3 ghost moths
  Louise (Depths:3)
  2 orc warlords
  4 angels
  7 stone giants
  18 ironbound preservers
  A spriggan defender (Depths:3)
  12 quicksilver oozes
  9 deep elf elementalists (Elf:3)
  4 draconian annihilators
  9 ironbound thunderhulks
  15 very ugly things
  A juggernaut skeleton (Depths:1)
  6 deep elf demonologists
  3 ghouls
  5 vampire knights
  8 green draconians
  Nessos (D:12)
  6 black draconians
  6 white draconians
  3 eleionomae
  3 red draconians
  8 yellow draconians
  6 purple draconians
  12 deep elf annihilators
  2 bunyips
  A minotaur (shapeshifter) (Vaults:5)
  Azrael (Snake:3)
  A blizzard demon (D:15)
  14 deep elf death magi
  7 spark wasps
  A merfolk javelineer (Depths:2)
  11 jiangshi
  6 deep elf high priests (Elf:3)
  5 crystal guardians
  7 fire dragons
  The ghost of Kuidesed the Thaumaturge, a journeyman DrCj of Vehumet (Lair:1)
  17 ettins
  5 eidola
  10 yaktaur captains
  An entropy weaver (Vaults:1)
  A merfolk impaler (Depths:4)
  15 great orbs of eyes
  31 vault guards
  13 hydras
  Harold (Lair:2)
  2 spriggan skeletons (Crypt:3)
  7 peacekeepers
  9 ironbound frosthearts
  5 salamander tyrants
  18 ice dragons
  A rakshasa (Depths:3)
  4 spriggan air magi
  6 ogre magi
  An anaconda (Snake:1)
  3 catoblepae
  A death knight (Crypt:3)
  10 centaur warriors
  3 boulder beetles
  28 dancing weapons
  3 alligators
  4 death yaks (Lair:5)
  5 deep troll shamans
  6 tengu warriors
  An orc high priest (Bailey)
  13 two-headed ogres
  10 deep troll earth magi
  4 shock serpents
  8 vampire magi
  11 hell hogs (Abyss:3)
  8 naga warriors
  8 thrashing horrors
  17 naga sharpshooters
  A storm dragon zombie (Crypt:3)
  4 iron trolls
  3 spriggan berserkers
  2 sixfirhies (Depths:3)
  5 soul eaters
  A titan skeleton (Crypt:3)
  18 deep elf knights
  18 hell knights
  6 wretched stars
  4 shadow wraiths
  4 spriggans
  A skyshark (Lair:5)
  7 salamander mystics
  40 skeletal warriors
  45 deep trolls
  4 glowing orange brains
  A storm dragon skeleton (Depths:1)
  A bunyip skeleton (Crypt:2)
  2 orange crystal statues (Abyss:3)
  3 goliath frogs
  3 spriggan druids
  3 flayed ghosts
  An orb spider (Abyss:3)
  9 naga ritualists
  10 swamp dragons (Swamp:4)
  A golden dragon zombie (Crypt:2)
  12 wizards
  A sphinx zombie (Vaults:1)
  4 bog bodies
  4 orc knights
  11 lindwurms
  14 ironbound convokers
  15 necromancers
  8 deep elf archers
  21 deep elf pyromancers
  10 phantasmal warriors
  A mana viper (shapeshifter) (Depths:4)
  12 mana vipers
  5 starcursed masses (Abyss:3)
  An iron giant skeleton (Crypt:3)
  45 ugly things
  10 orc sorcerers
  21 moths of wrath
  28 deep elf zephyrmancers
  3 manticores
  5 shining eyes
  2 will-o-the-wisps
  5 cyclopes
  17 salamanders
  4 worldbinders (Abyss:3)
  A manticore (shapeshifter) (Vaults:5)
  A salamander (shapeshifter) (D:15)
  12 elephants
  A guardian serpent (shapeshifter) (D:14)
  29 black mambas
  6 guardian serpents
  An apocalypse crab (Abyss:2)
  A stone giant skeleton (Crypt:3)
  18 vault sentinels
  7 naga magi
  2 smoke demons
  3 molten gargoyles (WizLab)
  A dire elephant skeleton (Crypt:3)
  4 gargoyles (WizLab)
  2 torpor snails
  10 cane toads
  4 hellions
  4 eyes of devastation
  An orange demon (Abyss:3)
  A catoblepas zombie (Crypt:1)
  An efreet (Abyss:3)
  14 yaktaurs
  Psyche (D:12)
  4 ancient zymes (Abyss:3)
  11 rime drakes
  7 komodo dragons
  2 freezing wraiths
  An alligator snapping turtle skeleton (Crypt:3)
  A human zombie (Vaults:1)
  2 harpy zombies
  A grey draconian skeleton (Crypt:3)
  A merfolk (shapeshifter) (Vaults:5)
  A polar bear (Lair:5)
  An unseen horror skeleton (Crypt:3)
  9 trolls
  7 hornets
  4 nameless horrors
  2 wind drakes (shapeshifter)
  A queen bee (shapeshifter) (D:14)
  2 harpy skeletons (Crypt:3)
  A shadow dragon simulacrum (Crypt:1)
  3 hellwings (Zot:5)
  A tyrant leech (shapeshifter) (D:15)
  A hydra skeleton (Crypt:3)
  10 tyrant leeches
  A stone giant simulacrum (Crypt:1)
  9 raiju (Abyss:3)
  3 blink frogs (Lair:2)
  157 slime creatures
  5 dream sheep
  A dream sheep (shapeshifter) (Vaults:4)
  6 large abominations
  An ettin skeleton (Crypt:3)
  A shadow (D:11)
  8 air elementals
  A culicivora (shapeshifter) (Vaults:4)
  13 flying skulls
  5 vampires
  An elf simulacrum (Vaults:1)
  2 centaur simulacra
  16 water elementals
  10 wraiths
  3 ynoxinuls
  6 fire elementals
  5 wyverns
  31 yaks
  2 basilisks
  3 chaos spawn
  3 redbacks
  5 neqoxecs (Abyss:3)
  12 steam dragons
  9 golden eyes
  A harpy simulacrum (Crypt:1)
  4 vampire mosquitoes
  22 nagas
  10 swamp worms
  4 wargs (Orc:2)
  2 acid dragons
  2 hell hounds (Snake:3)
  A two-headed ogre skeleton (Crypt:2)
  Duvessa (D:6)
  A floating eye (Depths:2)
  3 naga skeletons (Crypt:3)
  14 water moccasins
  4 black bears
  11 swamp drakes
  A cane toad skeleton (Crypt:3)
  An ice beast (D:7)
  An ettin simulacrum (Crypt:1)
  19 orc warriors
  A spriggan simulacrum (Depths:1)
  A wolf (shapeshifter) (Zot:4)
  12 wolves
  10 ogres
  9 centaurs
  A human skeleton (Vaults:1)
  A phantom (D:5)
  A kobold brigand (D:9)
  2 elf zombies (Crypt:3)
  5 bullfrogs
  6 earth elementals
  A salamander zombie (Crypt:3)
  A necrophage (Crypt:3)
  A gnoll sergeant (D:10)
  A scorpion (D:4)
  3 wights (D:7)
  Dowan (D:6)
  9 killer bees
  4 small abominations
  A yak skeleton (Crypt:1)
  9 electric eels
  5 howler monkeys
  3 lava snakes (Lair:2)
  A quasit (Abyss:3)
  A centaur zombie (Crypt:2)
  3 hounds
  17 orc priests
  9 jellies
  A centaur skeleton (Crypt:1)
  A gnoll bouda (Lair:1)
  An iron imp (Abyss:3)
  3 iguanas (D:5)
  Ijyb (D:5)
  2 sleepcaps
  38 orc wizards
  A lightning spire (WizLab)
  A boggart zombie (Crypt:1)
  An ogre zombie (Crypt:3)
  A tengu zombie (Crypt:1)
  A hound zombie (Crypt:2)
  A mummy (Crypt:3)
  8 gnolls
  6 adders
  2 shadow imps
  5 white imps
  2 ufetubi
  2 worms (D:3)
  A dart slug (D:2)
  67 orcs
  2 bats (D:2)
  4 endoplasms
  A giant cockroach (D:1)
  12 goblins
  8 hobgoblins
  3 jackals
  4 kobolds
  A quokka (D:4)
  3 ball pythons (D:1)
  A frilled lizard (D:2)
  An orc zombie (Crypt:1)
  5 rats
  A butterfly (Zot:4)
  A lurking horror (Abyss:3)
  2 spectral weapons (Swamp:4)
  A starspawn tentacle (Abyss:3)
2159 creatures vanquished.

Vanquished Creatures (others)
  2 dread liches
  An orb of fire (Zot:5)
  An ancient lich (Zot:5)
  4 tentacled monstrosities
  An Orb Guardian (Zot:5)
  2 titans (Vaults:5)
  3 eldritch tentacles
  A death cob (Zot:1)
  A tengu reaver (Vaults:5)
  3 storm dragons
  A draconian knight (Zot:2)
  2 fire giants (Vaults:5)
  4 vault wardens (Vaults:5)
  A draconian scorcher (Zot:2)
  2 draconian shifters (Zot:2)
  A draconian stormcaller (Zot:4)
  An angel (Zot:4)
  5 ironbound preservers (Vaults:5)
  3 draconian annihilators
  2 black draconians
  A stone giant (Vaults:5)
  A green draconian (Zot:1)
  2 yellow draconians
  3 white draconians
  6 purple draconians
  2 yaktaur captains (Vaults:5)
  A fire dragon (Zot:1)
  A deep elf high priest (Vaults:5)
  7 vault guards (Vaults:5)
  3 hydras
  A centaur warrior (D:13)
  A naga warrior (Snake:2)
  An orc high priest (Bailey)
  A tengu warrior (D:14)
  A naga sharpshooter (Snake:2)
  A skyshark (Lair:3)
  A phantasmal warrior (Vaults:5)
  A swamp dragon (Swamp:4)
  A bog body (Swamp:1)
  2 ironbound convokers (Vaults:5)
  2 orc knights
  4 moths of wrath
  A naga mage (Snake:4)
  2 cane toads
  A rime drake (Lair:3)
  4 yaktaurs (Vaults:5)
  A komodo dragon (Lair:5)
  A hellwing (Zot:5)
  A tyrant leech (Swamp:3)
  A bloated husk (Swamp:1)
  A hornet (Swamp:2)
  2 slime creatures (D:12)
  A shadow (D:12)
  8 yaks
  A golden eye (shapeshifter) (Vaults:5)
  2 chaos spawn
  A steam dragon (Lair:3)
  3 wargs
  An acid dragon (D:12)
  5 orc warriors
  A swamp drake (Swamp:4)
  Pargi (D:4)
  An ogre (Orc:1)
  5 centaurs
  A gnoll bouda (D:10)
  An orc wizard (Orc:2)
  A gnoll (D:10)
  4 orcs
  A hobgoblin (Bailey)
  7 foxfires
  24 snaplasher vines
  9 starspawn tentacles (Abyss:3)
178 creatures vanquished.

Grand Total: 2544 creatures vanquished

Notes
Turn   | Place    | Note
-------+----------+-------------------------------------------
     0 | D:1      | FexLirch the Tengu Summoner began the quest for the Orb.
     0 | D:1      | Reached XP level 1. HP: 10/10 MP: 4/4
   187 | D:1      | Reached XP level 2. HP: 12/15 MP: 3/6
   358 | D:1      | Reached skill level 5 in Summonings
   716 | D:1      | Reached XP level 3. HP: 19/19 MP: 4/7
   721 | D:1      | Learned a level 2 spell: Call Imp
   725 | D:1      | Learned a level 3 spell: Call Canine Familiar
  1684 | D:3      | Reached XP level 4. HP: 24/24 MP: 2/9
  2370 | D:3      | Learned a level 3 spell: Summon Guardian Golem
  2389 | D:4      | Noticed Pargi
  2436 | D:4      | Killed Pargi
  2437 | D:4      | Reached skill level 6 in Summonings
  2437 | D:4      | Gained mutation: Your magical nature lets you fly swiftly
                  | and evasively. [Tengu growth]
  2437 | D:4      | Reached XP level 5. HP: 28/28 MP: 1/11
  2447 | D:4      | Identified the +6 hand axe of Absolution {flame, Str+8
                  | Int-3}
  2695 | D:4      | Reached XP level 6. HP: 32/32 MP: 8/13
  2767 | D:4      | Reached skill level 7 in Summonings
  3003 | D:4      | Reached XP level 7. HP: 36/36 MP: 7/15
  3255 | D:5      | Entered Level 5 of the Dungeon
  3255 | D:5      | Noticed Grinder
  3261 | D:5      | Killed Grinder
  3262 | D:5      | Reached skill level 5 in Spellcasting
  3262 | D:5      | Reached skill level 8 in Summonings
  3496 | D:5      | Noticed Ijyb
  3528 | D:5      | Killed Ijyb
  4033 | D:5      | Reached XP level 8. HP: 39/41 MP: 10/17
  4041 | D:5      | Upgraded the game from 0.30.0-29-ga12c61a403 to
                  | 0.30.0-30-g96aa6591b8
  4096 | D:5      | Found a staircase to the Ecumenical Temple.
  4106 | Temple   | Entered the Ecumenical Temple
  4114 | Temple   | Became a worshipper of Gozag Ym Sagoz the Greedy
  4380 | D:5      | Reached skill level 9 in Summonings
  4823 | D:6      | Noticed Duvessa
  4934 | D:6      | Noticed Dowan
  4949 | D:6      | Killed Duvessa
  4955 | D:6      | Killed Dowan
  5388 | D:6      | Reached skill level 1 in Hexes
  5479 | D:6      | Reached skill level 10 in Summonings
  5642 | D:6      | Reached XP level 9. HP: 45/45 MP: 14/20
  6094 | D:7      | Reached skill level 1 in Air Magic
  6118 | D:7      | Learned a level 4 spell: Summon Lightning Spire
  6242 | D:7      | Found a flagged portal.
  6275 | Bailey   | Entered a bailey
  6316 | Bailey   | Upgraded the game from 0.30.0-30-g96aa6591b8 to 0.30.1
  6677 | Bailey   | Found an iron altar of Okawaru.
  6677 | Bailey   | Noticed an orc high priest
  6677 | Bailey   | Noticed an orc high priest
  6684 | Bailey   | Noticed a red devil
  6688 | Bailey   | Noticed a soul eater
  6688 | Bailey   | Killed an orc high priest
  6689 | Bailey   | Reached skill level 11 in Summonings
  6691 | Bailey   | Killed an orc high priest
  6692 | Bailey   | Reached skill level 5 in Air Magic
  6692 | Bailey   | Reached XP level 10. HP: 29/50 MP: 21/23
  6836 | Bailey   | Noticed an orc knight
  6846 | Bailey   | Killed an orc knight
  7036 | Bailey   | Noticed an orc knight
  7046 | Bailey   | Killed an orc knight
  7186 | Bailey   | Acquired 679 gold pieces
  7194 | Bailey   | Reached skill level 5 in Hexes
  7194 | Bailey   | Reached skill level 12 in Summonings
  7194 | Bailey   | Reached XP level 11. HP: 60/60 MP: 23/25
  7331 | Bailey   | Reached skill level 5 in Dodging
  8468 | D:8      | Found a blossoming altar of Fedhas.
  8471 | D:8      | Found an ancient bone altar of Kikubaaqudgha.
  8567 | D:8      | Found a sacrificial altar of Ru.
  8841 | D:8      | Noticed a manticore
  8849 | D:8      | Killed a manticore
  9312 | D:8      | Found a staircase to the Lair.
  9331 | D:8      | Reached skill level 13 in Summonings
  9762 | D:9      | Found a shadowy altar of Dithmenos.
  9861 | D:9      | Reached skill level 5 in Fighting
  9956 | D:9      | Noticed a two-headed ogre
  9963 | D:9      | Killed a two-headed ogre
  9964 | D:9      | Reached XP level 12. HP: 68/68 MP: 19/26
 10168 | D:9      | Upgraded the game from 0.30.1 to 0.30.1-4-g462c640d31
 10331 | D:9      | Learned a level 3 spell: Inner Flame
 10362 | D:10     | Entered Level 10 of the Dungeon
 10466 | D:10     | Reached skill level 10 in Spellcasting
 10466 | D:10     | Reached skill level 1 in Fire Magic
 10667 | D:10     | Noticed a two-headed ogre
 10676 | D:10     | Killed a two-headed ogre
 12094 | D:11     | Found Zeokliol's Magic Scroll Shop.
 12161 | D:11     | Bought a scroll of noise for 15 gold pieces
 12161 | D:11     | Bought a scroll of enchant armour for 112 gold pieces
 12161 | D:11     | Bought a scroll of immolation for 60 gold pieces
 12308 | D:11     | Noticed a two-headed ogre
 12314 | D:11     | Killed a two-headed ogre
 12593 | D:11     | Found a staircase to the Orcish Mines.
 12631 | D:11     | Reached skill level 5 in Fire Magic
 13094 | D:12     | Noticed a boulder beetle
 13094 | D:12     | Found Koytag's Weapon Emporium.
 13129 | D:12     | Reached skill level 14 in Summonings
 13229 | D:12     | Noticed a two-headed ogre
 13741 | D:12     | Killed a two-headed ogre
 13806 | D:12     | Killed a boulder beetle
 13807 | D:12     | Reached XP level 13. HP: 51/76 MP: 9/28
 13833 | D:12     | Noticed Nessos
 14390 | D:13     | Learned a level 5 spell: Summon Forest
 14398 | D:13     | Learned a level 7 spell: Summon Hydra
 14440 | D:13     | Reached skill level 1 in Transmutations
 14618 | D:13     | Identified the +9 quarterstaff "Ykotuer" {flame, Str+2
                  | Int+3 Dex+3}
 14929 | Lair:1   | Entered Level 1 of the Lair of Beasts
 14953 | Lair:1   | Reached skill level 1 in Translocations
 15429 | Lair:1   | Found a runed translucent gate.
 15430 | Lair:1   | Found a runed translucent gate.
 15430 | Lair:1   | Noticed Kuidesed's ghost (journeyman DrCj)
 15431 | Lair:1   | Found a runed translucent gate.
 15433 | Lair:1   | Found a viscous altar of Jiyva.
 15449 | Lair:1   | Killed Kuidesed's ghost
 15511 | Lair:1   | Reached skill level 15 in Summonings
 16243 | Lair:2   | You are sucked into a shaft and drop 1 floor!
 16854 | Lair:2   | Found a staircase to the Snake Pit.
 17662 | Lair:2   | Reached XP level 14. HP: 84/84 MP: 24/30
 17691 | Lair:2   | Noticed Harold
 17711 | Lair:2   | Killed Harold
 17760 | Lair:2   | Noticed Gastronok
 17791 | Lair:2   | Killed Gastronok
 17881 | Lair:2   | Identified the ring "Jiuxtel" {rPois rC+}
 18025 | Lair:2   | Found a staircase to the Swamp.
 18480 | Lair:3   | Reached skill level 16 in Summonings
 18624 | Lair:3   | Found a shimmering blue altar of Sif Muna.
 19560 | Lair:4   | Reached skill level 10 in Dodging
 19614 | Lair:4   | Found a staircase to the Slime Pits.
 19741 | Lair:4   | Upgraded the game from 0.30.1-4-g462c640d31 to 0.30.2
 20477 | Lair:5   | Entered Level 5 of the Lair of Beasts
 20788 | Lair:5   | Reached skill level 17 in Summonings
 21047 | Lair:5   | Reached XP level 15. HP: 89/91 MP: 16/32
 21499 | Lair:5   | Reached skill level 5 in Translocations
 21556 | Lair:5   | Got the Discourse on the Vehement Curse
 21796 | Orc:1    | Entered Level 1 of the Orcish Mines
 22030 | Orc:2    | Entered Level 2 of the Orcish Mines
 22456 | Orc:2    | Noticed an orc warlord
 22465 | Orc:2    | Killed an orc warlord
 22480 | Orc:2    | Reached skill level 10 in Fighting
 22591 | Orc:2    | Found a staircase to the Elven Halls.
 22740 | Orc:2    | Reached skill level 18 in Summonings
 23009 | Orc:2    | Found Ytsoc's Armour Boutique.
 23009 | Orc:2    | Found Ydoebbiw's Jewellery Shoppe.
 23051 | Orc:2    | Found Qapukih's Magic Scroll Boutique.
 23053 | Orc:2    | Found Mozobiku's General Store.
 23089 | Orc:2    | Bought a scroll of summoning for 152 gold pieces
 23089 | Orc:2    | Bought a scroll of fog for 64 gold pieces
 23105 | Orc:2    | Bought a scroll of identify for 26 gold pieces
 23243 | Orc:1    | Bought a crystal short sword for 280 gold pieces
 23243 | Orc:1    | Identified the +5 short sword "Killer Klown's Death"
                  | {drain, Str+5} (You bought it in a shop on level 1 of the
                  | Orcish Mines)
 23245 | Orc:1    | Bought the ring of Poasopp {rElec rC+ rN+ Will+ Dex+6} for
                  | 1068 gold pieces
 23245 | Orc:1    | Bought a ring of see invisible for 240 gold pieces
 23631 | Swamp:1  | Entered Level 1 of the Swamp
 23983 | Swamp:1  | Found a runed translucent gate.
 23983 | Swamp:1  | Found a runed translucent gate.
 23983 | Swamp:1  | Found a runed translucent gate.
 23986 | Swamp:1  | Noticed jurchenman's ghost (journeyman MiFi)
 24142 | Swamp:1  | Learned a level 4 spell: Airstrike
 24471 | Swamp:2  | Learned a level 2 spell: Blink
 24547 | Swamp:2  | Identified the +0 pair of gloves of Liwih {rC+}
 25307 | Swamp:3  | Noticed a fenstrider witch
 25361 | Swamp:3  | Killed a fenstrider witch
 25407 | Swamp:3  | Reached XP level 16. HP: 62/98 MP: 28/33
 25966 | Swamp:3  | Reached skill level 19 in Summonings
 26114 | Swamp:3  | Acquired 1105 gold pieces
 26189 | Swamp:4  | Entered Level 4 of the Swamp
 26191 | Swamp:4  | Noticed a thorn hunter
 26200 | Swamp:4  | Killed a thorn hunter
 26496 | Swamp:4  | Noticed Mlioglotl
 26503 | Swamp:4  | Killed Mlioglotl
 27583 | Swamp:4  | Noticed the 27-headed Lernaean hydra
 27597 | Swamp:4  | Killed the 27-headed Lernaean hydra
 27843 | Swamp:4  | Got a decaying rune of Zot
 28063 | Snake:1  | Entered Level 1 of the Snake Pit
 28450 | Snake:1  | Reached skill level 20 in Summonings
 28553 | Snake:1  | Noticed Jorgrun
 28564 | Snake:1  | Killed Jorgrun
 29333 | Snake:2  | Found a transporter.
 29333 | Snake:2  | Noticed Natenado's ghost (adept DjFE)
 29336 | Snake:2  | Found a transporter.
 29340 | Snake:2  | Noticed a nagaraja
 29407 | Snake:2  | Noticed a nagaraja
 29416 | Snake:2  | Killed a nagaraja
 29504 | Snake:2  | Noticed Aizul
 29515 | Snake:2  | Killed Aizul
 29516 | Snake:2  | Reached XP level 17. HP: 94/106 MP: 10/35
 29925 | Snake:2  | You are sucked into a shaft and drop 1 floor!
 30057 | Snake:3  | Noticed Vashnia
 30832 | Snake:3  | Noticed Azrael
 30845 | Snake:3  | Killed Azrael
 30854 | Snake:3  | Reached skill level 21 in Summonings
 31191 | Snake:3  | Learned a level 9 spell: Dragon's Call
 31274 | Snake:3  | Found a shimmering altar of Xom.
 31491 | Snake:3  | Killed Vashnia
 31918 | Snake:4  | Entered Level 4 of the Snake Pit
 32353 | Snake:4  | Found a bloodstained altar of Trog.
 32936 | Snake:4  | Reached XP level 18. HP: 98/113 MP: 28/37
 33384 | Snake:4  | Got a serpentine rune of Zot
 33711 | D:12     | Noticed Psyche
 33716 | D:12     | Killed Psyche
 33719 | D:12     | Killed Nessos
 33720 | D:12     | Reached skill level 22 in Summonings
 34436 | D:13     | Noticed Sonja
 34441 | D:13     | Killed Sonja
 34667 | D:14     | Found a gate to the Vaults.
 35591 | D:15     | Entered Level 15 of the Dungeon
 35986 | D:15     | Acquired 872 gold pieces
 36007 | D:15     | Identified the +2 chain mail of the Smoking Gods {rC+++
                  | Str+3 Dex-2}
 36198 | D:15     | Found a hide-covered altar of Uskayaw.
 36435 | D:15     | Found a staircase to the Depths.
 36539 | Vaults:1 | Entered Level 1 of the Vaults
 36556 | D:14     | Bought a glittering turquoise ring for 180 gold pieces
 36556 | D:14     | Identified the ring "Vieleven" {*Corrode Will+++ Str-4
                  | Dex+6 SInv} (You bought it in a shop on level 14 of the
                  | Dungeon)
 36561 | D:14     | Bought a brightly glowing robe for 228 gold pieces
 36561 | D:14     | Identified the +0 robe of the Undertaker {rN++ Will+ Str+2
                  | Dex+4} (You bought it in a shop on level 14 of the Dungeon)
 36573 | D:14     | Bought encrusted steam dragon scales for 1800 gold pieces
 36573 | D:14     | Identified the +5 steam dragon scales of Waxoreag {rPois
                  | rCorr MP+9} (You bought it in a shop on level 14 of the
                  | Dungeon)
 36638 | Vaults:1 | Reached skill level 23 in Summonings
 36830 | Vaults:1 | Reached skill level 15 in Dodging
 36831 | Vaults:1 | Reached skill level 15 in Spellcasting
 36831 | Vaults:1 | Reached skill level 1 in Necromancy
 36986 | Vaults:1 | Reached XP level 19. HP: 88/120 MP: 28/39
 37990 | Vaults:2 | Learned a level 7 spell: Haunt
 38026 | Vaults:2 | Found a magical portal.
 38026 | Vaults:2 | You are sucked into a shaft and drop 1 floor!
 38225 | WizLab   | Entered Maxwell's Workshop
 38295 | WizLab   | Reached skill level 24 in Summonings
 38389 | WizLab   | Identified the ring "Oceol" {Ice Dex+3}
 38402 | WizLab   | Reached skill level 5 in Necromancy
 38737 | WizLab   | Acquired 663 gold pieces
 38784 | WizLab   | Noticed an electric golem
 38807 | WizLab   | Killed an electric golem
 38930 | WizLab   | Identified the +6 spear "Cealism" {spect, rC+}
 38942 | WizLab   | Identified the +3 hand axe of the Key {venom, rElec Will+
                  | Str+2 Int+3}
 38946 | WizLab   | Identified the ring of Zannowoate {Fire Contam rN++ Str+5}
 39216 | Vaults:2 | Reached XP level 20. HP: 118/128 MP: 34/40
 39463 | Vaults:2 | Identified the +9 rapier "Mupny" {drain, rC- Dex+5}
 39698 | Vaults:3 | Found a staircase to the Crypt.
 40817 | Vaults:3 | Found Gun Uph's Weapon Boutique.
 41227 | Vaults:4 | Noticed Margery
 41417 | Vaults:4 | Reached skill level 25 in Summonings
 41422 | Vaults:4 | Killed Margery
 41442 | Vaults:4 | Reached skill level 15 in Fighting
 42008 | Vaults:4 | Reached XP level 21. HP: 134/134 MP: 28/42
 42087 | Vaults:4 | Acquired 1179 gold pieces
 42102 | Vaults:4 | Found Mejocwis's Armour Shop.
 42742 | Vaults:4 | Identified the +2 robe of the Evening Star {Dex+3}
 42797 | Vaults:4 | Identified the ring "Ora Peluos" {rElec AC+4 Int+3}
 42830 | Vaults:4 | Identified the staff of cold "Usavovuych" {rC+ Str+2 Int+4}
 42858 | Vaults:4 | Identified the amulet of Amelioration {Faith rN+}
 43241 | Elf:1    | Entered Level 1 of the Elven Halls
 43247 | Elf:1    | Paralysed by an air elemental for 1 turns
 43253 | Elf:1    | Paralysed by an air elemental for 1 turns
 43441 | Elf:1    | Found Misoul's Jewellery Emporium.
 43863 | Elf:1    | Found Emodghyhu's Jewellery Shoppe.
 44210 | Elf:1    | Reached skill level 1 in Earth Magic
 44222 | Elf:1    | Reached skill level 26 in Summonings
 44406 | Elf:2    | Learned a level 1 spell: Apportation
 44526 | Abyss:2  | Cast into level 2 of the Abyss (+2 broad axe of distortion)
 44825 | Abyss:3  | Noticed a bone dragon
 44830 | Elf:2    | Escaped the Abyss
 45182 | Elf:2    | Found a runed translucent gate.
 45182 | Elf:2    | Found a runed translucent gate.
 45184 | Elf:2    | Found a runed translucent gate.
 45537 | Elf:2    | Reached XP level 22. HP: 138/141 MP: 17/43
 46045 | Elf:3    | Entered Level 3 of the Elven Halls
 46928 | Elf:3    | Reached skill level 10 in Necromancy
 47493 | Elf:3    | Noticed Zenata
 47504 | Elf:3    | Killed Zenata
 47758 | Elf:3    | Identified the ring "Taduwkir" {rElec rPois Will+}
 47760 | Elf:3    | Reached skill level 27 in Summonings
 47883 | Elf:3    | Identified the ring of the Rabble {Wiz Str+3}
 47894 | Elf:3    | Identified the +6 falchion of the Reaper {flame, rPois
                  | Str+5 SInv Stlth-}
 47894 | Elf:3    | Identified the amulet "Nothol" {Acrobat MP+9 Str+2 Int-5}
 47903 | Elf:3    | Identified the +3 arbalest "Xuydap" {penet, rPois rCorr
                  | Stlth+}
 48033 | Elf:3    | Found the +10 Black Knight's barding {ponderous, rPois rN+}
 48039 | Elf:3    | Identified the ring "Tantazoc" {rC+ rN++ MP+9}
 48049 | Elf:3    | Identified the +1 pair of boots of Gallantry {rN+ Int+3
                  | SInv}
 48217 | Elf:3    | Gained mutation: You are partially covered in iridescent
                  | scales. (AC +2) [potion of mutation]
 48217 | Elf:3    | Gained mutation: Your system is resistant to poisons.
                  | (rPois) [potion of mutation]
 48218 | Elf:3    | Lost mutation: You are partially covered in iridescent
                  | scales. (AC +2) [potion of mutation]
 48218 | Elf:3    | Lost mutation: Your system is resistant to poisons. (rPois)
                  | [potion of mutation]
 48218 | Elf:3    | Gained mutation: You are strong-willed. (Will+) [potion of
                  | mutation]
 48218 | Elf:3    | Gained mutation: You are highly strong-willed. (Will++)
                  | [potion of mutation]
 48219 | Elf:3    | Lost mutation: You are highly strong-willed. (Will++)
                  | [potion of mutation]
 48219 | Elf:3    | Lost mutation: You are strong-willed. (Will+) [potion of
                  | mutation]
 48219 | Elf:3    | Gained mutation: You passively dampen the noise of your
                  | surroundings. [potion of mutation]
 48219 | Elf:3    | Gained mutation: You are clumsy. (Dex -2) [potion of
                  | mutation]
 48220 | Elf:3    | Lost mutation: You passively dampen the noise of your
                  | surroundings. [potion of mutation]
 48220 | Elf:3    | Lost mutation: You are clumsy. (Dex -2) [potion of
                  | mutation]
 48220 | Elf:3    | Gained mutation: Your magical capacity is low. (-10% MP)
                  | [potion of mutation]
 48221 | Elf:3    | Lost mutation: Your magical capacity is low. (-10% MP)
                  | [potion of mutation]
 48222 | Elf:3    | Gained mutation: You are dopey. (Int -2) [potion of
                  | mutation]
 48222 | Elf:3    | Gained mutation: You are agile. (Dex +4, Str/Int -1)
                  | [potion of mutation]
 48223 | Elf:3    | Lost mutation: You are agile. (Dex +4, Str/Int -1) [potion
                  | of mutation]
 48223 | Elf:3    | Lost mutation: You are dopey. (Int -2) [potion of mutation]
 48223 | Elf:3    | Gained mutation: You are frail. (-10% HP) [potion of
                  | mutation]
 48224 | Elf:3    | Lost mutation: You are frail. (-10% HP) [potion of
                  | mutation]
 48224 | Elf:3    | Gained mutation: Your spells are a little harder to cast,
                  | but a little more powerful. [potion of mutation]
 48224 | Elf:3    | Gained mutation: You are partially covered in iridescent
                  | scales. (AC +2) [potion of mutation]
 48472 | Depths:1 | Entered Level 1 of the Depths
 48472 | Depths:1 | Noticed Nikola
 48477 | Depths:1 | Killed Nikola
 48492 | Depths:1 | Noticed Bai Suzhen
 48498 | Depths:1 | Killed Bai Suzhen
 48499 | Depths:1 | Reached skill level 1 in Armour
 48674 | Depths:1 | Reached skill level 1 in Staves
 48950 | Depths:1 | Found a gateway to Hell.
 48981 | Depths:1 | Found a shadowy altar of Dithmenos.
 49153 | Depths:1 | Reached XP level 23. HP: 139/148 MP: 25/45
 49314 | Depths:1 | Found a shimmering blue altar of Sif Muna.
 49347 | Depths:1 | Found a one-way gate leading to the halls of Pandemonium.
 49790 | Depths:2 | Found a one-way gateway to a ziggurat.
 49795 | Depths:2 | Found a one-way gate to the infinite horrors of the Abyss.
 50355 | Depths:2 | Learned a level 7 spell: Monstrous Menagerie
 50662 | Depths:3 | Noticed a juggernaut
 50867 | Depths:3 | Killed a juggernaut
 50868 | Depths:3 | Reached skill level 5 in Staves
 50868 | Depths:3 | Reached skill level 5 in Armour
 51037 | Depths:3 | Acquired 668 gold pieces
 51341 | Depths:3 | Noticed Louise
 51472 | Depths:3 | Killed Louise
 51622 | Depths:4 | Entered Level 4 of the Depths
 51771 | Depths:4 | Identified the +5 scale mail of Gozag's Delight {rF+ rC+
                  | Int-2}
 51947 | Depths:4 | Noticed a golden dragon
 51953 | Depths:4 | Killed a golden dragon
 52064 | Depths:4 | Found a gate to the Realm of Zot.
 52119 | Depths:4 | Reached XP level 24. HP: 139/156 MP: 13/45
 52124 | Depths:4 | Learned a level 3 spell: Swiftness
 52642 | Crypt:1  | Entered Level 1 of the Crypt
 52812 | Crypt:1  | Identified the ring "Piecaxi" {Ice rN+ Str+3}
 52812 | Crypt:1  | Noticed Josephina
 52828 | Crypt:1  | Killed Josephina
 54627 | Crypt:3  | Entered Level 3 of the Crypt
 54627 | Crypt:3  | Noticed a dread lich
 54857 | Crypt:3  | Reached skill level 5 in Stealth
 54962 | Crypt:3  | Killed a dread lich
 55272 | Crypt:3  | Found a staircase to the Tomb.
 55451 | Crypt:3  | Found a basalt altar of Yredelemnul.
 55656 | Crypt:3  | Found an ancient bone altar of Kikubaaqudgha.
 55680 | Crypt:3  | Noticed a royal mummy
 55685 | Crypt:3  | Noticed Khufu
 55882 | Crypt:3  | Identified the ring of Bozxeich {Fly rN+}
 55883 | Crypt:3  | Identified the +4 long sword of Exquisite Death {spect,
                  | rPois rCorr}
 55883 | Crypt:3  | Identified the ring "Beicitwiu" {rF+ rN+}
 56118 | Crypt:3  | Identified the +0 halberd of Dessowi {drain, rC+ rCorr
                  | Int+3}
 56121 | Crypt:3  | Identified the +7 whip of Integrity {flame, rC+ rCorr Str-4
                  | Dex+3}
 56604 | Lair:4   | Bought the +3 pair of gauntlets of War {Slay+5} for 1092
                  | gold pieces
 56604 | Lair:4   | Found the +3 pair of gauntlets of War {Slay+5}
 56616 | Slime:1  | Entered Level 1 of the Pits of Slime
 56633 | Slime:1  | Reached XP level 25. HP: 155/163 MP: 35/46
 57028 | Slime:3  | Noticed Dissolution
 57039 | Slime:3  | Paralysed by a floating eye for 4 turns
 57046 | Slime:3  | Killed Dissolution
 57528 | Slime:5  | Entered Level 5 of the Pits of Slime
 58216 | Slime:5  | Noticed the Royal Jelly
 58389 | Slime:5  | Learned a level 4 spell: Passage of Golubria
 58830 | Slime:5  | Found a viscous altar of Jiyva.
 58919 | Slime:5  | Killed the Royal Jelly
 58952 | Slime:5  | Identified the amulet of Xom's Attic {Faith rF+ rC+ Slay+3}
 58959 | Slime:5  | Got the Incunable of Calling
 59002 | Slime:5  | Got a slimy rune of Zot
 59033 | Slime:5  | Identified the +1 mace "Vicwenk" {speed, rElec rC+ Will+
                  | Str-5}
 60091 | Vaults:4 | Learned a level 8 spell: Summon Horrible Things
 60099 | Vaults:4 | Learned a level 7 spell: Malign Gateway
 60345 | Depths:2 | Voluntarily entered the Abyss.
 60387 | Abyss:3  | Learned a level 2 spell: Sublimation of Blood
 60774 | Abyss:3  | Reached XP level 26. HP: 157/170 MP: 47/47
 60794 | Abyss:3  | Reached skill level 15 in Necromancy
 60850 | Depths:2 | Escaped the Abyss
 61105 | Depths:2 | Voluntarily entered the Abyss.
 61164 | Abyss:3  | Got an abyssal rune of Zot
 61287 | Depths:2 | Escaped the Abyss
 61520 | Vaults:4 | Bought a runed cloak for 210 gold pieces
 61526 | Vaults:5 | Entered Level 5 of the Vaults
 61554 | Vaults:5 | Noticed a dread lich
 61565 | Vaults:5 | Killed a dread lich
 61567 | Vaults:5 | Reached skill level 10 in Stealth
 61595 | Vaults:5 | Identified the amulet of Fuprugof {RegenMP Dex+3}
 61625 | Vaults:5 | Identified the +4 sling "Aheunataf" {elec, rCorr}
 61626 | Vaults:5 | Identified the +9 quarterstaff "Zeitt" {protect, rPois
                  | rCorr Str+3}
 61627 | Vaults:5 | Identified the +6 longbow of Spores {antimagic, Fragile
                  | Int+5 SInv Stlth+}
 61716 | Vaults:5 | Identified the ring of Lierch {Ice Stlth+}
 61720 | Vaults:5 | Got a silver rune of Zot
 61724 | Vaults:5 | Identified the ring "Jiypeil" {rF+ MP+9 SInv}
 61730 | Vaults:5 | Identified the staff of conjuration "Vetu" {Int+6 Dex+3}
 61731 | Vaults:5 | Identified the staff of death "Poatheh" {rN+ Str-2 Dex+7}
 61896 | Vaults:5 | Noticed an ancient lich
 61904 | Vaults:5 | Killed an ancient lich
 62114 | Vaults:5 | Identified the +6 spear "Kapouzer" {venom, rC+ rN+ Int-4
                  | Dex+2}
 62118 | Vaults:5 | Identified the +3 ring mail of Byitil {rElec rCorr}
 62122 | Vaults:5 | Identified the staff of cold "Megaat" {rC+ rN++ rCorr Int-5
                  | Dex+2}
 62469 | Zot:1    | Entered Level 1 of the Realm of Zot
 63364 | Zot:2    | Reached XP level 27. HP: 179/179 MP: 36/47
 63714 | Zot:2    | You are sucked into a shaft and drop 2 floors!
 64604 | Zot:4    | Found a shimmering altar of Xom.
 64605 | Zot:4    | Found a shimmering altar of Xom.
 64605 | Zot:4    | Found a shimmering altar of Xom.
 64605 | Zot:4    | Found a shimmering altar of Xom.
 64606 | Zot:4    | Found a shimmering altar of Xom.
 64616 | Zot:4    | Found a glowing silver altar of Zin.
 64805 | Zot:5    | Entered Level 5 of the Realm of Zot
 64904 | Zot:5    | Noticed an orb of fire
 65082 | Zot:5    | Noticed a dread lich
 65089 | Zot:5    | Killed a dread lich
 65107 | Zot:5    | Noticed an orb of fire
 65109 | Zot:5    | Noticed an ancient lich
 65109 | Zot:5    | Noticed an orb of fire
 65110 | Zot:5    | Noticed an ancient lich
 65111 | Zot:5    | Noticed an ancient lich
 65111 | Zot:5    | Noticed a dread lich
 65119 | Zot:5    | Noticed a dread lich
 65121 | Zot:5    | Killed an ancient lich
 65132 | Zot:5    | Killed an ancient lich
 65133 | Zot:5    | Killed a dread lich
 65134 | Zot:5    | Killed a dread lich
 65137 | Zot:5    | Killed an ancient lich
 65173 | Zot:5    | Noticed an ancient lich
 65176 | Zot:5    | Noticed an orb of fire
 65177 | Zot:5    | Noticed an ancient lich
 65177 | Zot:5    | Noticed an ancient lich
 65178 | Zot:5    | Killed an ancient lich
 65178 | Zot:5    | Noticed an orb of fire
 65180 | Zot:5    | Killed an ancient lich
 65183 | Zot:5    | Noticed an ancient lich
 65186 | Zot:5    | Killed an ancient lich
 65190 | Zot:5    | Killed an ancient lich
 65195 | Zot:5    | Noticed an ancient lich
 65203 | Zot:5    | Killed an ancient lich
 65205 | Zot:5    | Killed an orb of fire
 65368 | Zot:5    | Got the Orb of Zot
 65495 | Zot:1    | Noticed Dubbetao the pandemonium lord
 65551 | Zot:1    | Reached skill level 10 in Translocations
 65582 | Depths:3 | Noticed an ancient lich
 65854 | D:5      | Noticed Gatenocap the pandemonium lord
 65994 | D:$      | Escaped with the Orb!

Illustrated notes

Levels and vault maps discovered:
D:1:      roderic_dead_forest, layout_basic
D:2:      layout_rooms
D:3:      layout_basic, kennysheep_nondescript
D:4:      layout_gridville, uniq_pargi
D:5:      wad_lake_hut, layout_loops_corners, minmay_temple_entry_offerings,
          uniq_grinder, uniq_ijyb
D:6:      layout_loops_ring, kb_lookout_dungeons_type, minivault_11,
          bh_walls_and_bars, uniq_duvessa
D:7:      layout_basic, enter_bailey_5, minivault_19, grunt_ogre_cave
D:8:      layout_loops_ring, lemuel_crystal_altar,
          grunt_temple_overflow_growth_and_decay, erik_lair_orcish_takeover,
          minmay_manual_mess
D:9:      layout_roguey, mainiacjoe_overflow_boulevard, minmay_misc_feat_alley,
          chequers_serial_rivers_small_a
D:10:     layout_basic, small_statue_alley_a
D:11:     layout_gridville, erik_orc_2, serial_shops,
          nicolae_shop_tiny_statue_garden, grunt_ministairs_1
D:12:     layout_small_grid, serial_shops, nicolae_stop_n_shop_1, uniq_nessos,
          uniq_psyche
D:13:     layout_loops_corners, gauntlet_entry_generic,
          nicolae_straight_to_the_point, uniq_sonja
D:14:     layout_stronghold, lightli_vaults_fourway_checkpoint,
          minmay_misc_feat_ornament, hangedman_decor_peaks_small
D:15:     gammafunk_enter_depths_forms, layout_cross, lemuel_crystal_altar
Temple:   eino_narrow_crystal_temple
Lair:1:   layout_layer_cave, gammafunk_ghost_ooze, dreamdust_gnoll_shepherd
Lair:2:   nzn_winding_woodlands_three_and_one
          [nzn_winding_woodlands_5x15_river_crossing,
          nzn_winding_woodlands_5x15_parted, nzn_winding_woodlands_5x15_garden,
          nzn_winding_woodlands_center_triple_pond], layout_regular_city,
          swamp_mist, nicolae_snake_entry_warm_welcome, uniq_harold,
          uniq_gastronok
Lair:3:   layout_chaotic_city, basic_altar, minmay_holes,
          bobbens_dragon_lair_wall
Lair:4:   layout_cave_pods, minmay_slime_entry_pillars, serial_bayou_shore_a,
          grunt_megastairs_5
Lair:5:   grunt_lair_end_beastmaster, layout_regular_city
Swamp:1:  layout_basic_swamp, gammafunk_ghost_hydra_chop,
          nicolae_swamp_little_tower, swamp_pool5
Swamp:2:  nicolae_swamp_ascending_descending, layout_basic_swamp,
          hangedman_swamp_ruin_hall, swamp_pool3
Swamp:3:  layout_falls_marsh, evilmike_swamp_ruin_rubble_2, swamp_pool1
Swamp:4:  swamp_old_school, layout_basic_swamp, swamp_pool3,
          nicolae_swamp_dragon_and_kin, infiniplex_staircase_pool,
          uniq_mlioglotl
Snake:1:  layout_grid_maze, special_room, uniq_jorgrun
Snake:2:  layout_misc_corridors, gammafunk_ghost_arena, uniq_aizul
Snake:3:  layout_layer_cave, basic_altar, uniq_vashnia, uniq_azrael
Snake:4:  johnstein_snake_rune_scales, layout_cave_town, basic_altar
Slime:1:  layout_caves
Slime:2:  layout_caves
Slime:3:  cheibrodos_slime_lost_civilization_3, layout_caves, special_room
          [special_room_jelly], uniq_dissolution
Slime:4:  layout_caves, nicolae_slime_crime_time
Slime:5
Orc:1:    layout_caves
Orc:2:    st_orc_town, layout_caves
Elf:1:    nicolae_elf_arrival_aired_out, layout_gridlike, serial_shops, shop,
          nicolae_shop_statue_plus, hangedman_elven_crosses_minicolossus,
          palyth_stone_intersect
Elf:2:    elven_hall_of_blades_hangedman_original [grunt_blade_entry_basic],
          layout_loops_ring
Elf:3:    minmay_elf_hall_four_x, layout_onion_city, uniq_zenata
Vaults:1: nicolae_vaults_house_1, hangedman_vaults_unwind, vaults_mumra_hex,
          nicolae_vaults_hexular_roomagon, v_misc_33,
          nicolae_vaults_little_squares_1, vaults_room_pool,
          grunt_vaults_hallway_long, nicolae_vaults_double_plus_1,
          nicolae_vaults_tetromino_T_2, layout_vaults_omnibox
Vaults:2: mu_enter_wizlab_1, nicolae_vaults_heart-shaped_vault,
          nicolae_vaults_house_1, nicolae_vaults_house_1,
          nicolae_vaults_trapezoid_3, nicolae_vaults_apartment_2,
          nicolae_vaults_storage_room_water, nicolae_vaults_library_corner,
          nicolae_vaults_trapezoid_lopsided_4, ontoclasm_vaults_twist,
          v_misc_13, hangedman_vaults_cutoff, nicolae_vaults_diamond_1,
          nicolae_vaults_little_squares_4, hangedman_vaults_stagger,
          layout_vaults_omnicross
Vaults:3: nicolae_vaults_trapezoid_layered, minmay_crypt_entry_vampire_xt,
          nicolae_vaults_offset_grid_hallway_1,
          nicolae_vaults_offset_grid_hallway_3,
          nicolae_vaults_shipping_containers_4,
          nicolae_vaults_storage_room_doors, ontoclasm_vaults_decontamination,
          vaults_room_fours, vaults_dpeg_ring, nicolae_vaults_sesquioval_fish,
          nicolae_vaults_taking_the_gang_shopping,
          nicolae_vaults_mini_display_case, layout_vaults_omnigrid
Vaults:4: vaults_room_hallway, st_greater_box_4, nicolae_vaults_network_quincunx
          [nicolae_vaults_network_quincunx_subvault,
          nicolae_vaults_network_quincunx_subvault,
          nicolae_vaults_network_quincunx_subvault,
          nicolae_vaults_network_quincunx_subvault,
          nicolae_vaults_network_quincunx_subvault], nicolae_vaults_meiosis,
          nicolae_vaults_disjoint_gnomons, vaults_room_octagon,
          nicolae_vaults_closet_pinwheel_5, nicolae_vaults_puzzle_piece,
          v_misc_33, nicolae_vaults_tetromino_T_1, ontoclasm_vaults_ring_small,
          nicolae_vaults_asterisk, layout_vaults_maze, serial_shops, shop,
          uniq_margery
Vaults:5: serial_shops
Crypt:1:  layout_rooms, serial_corexii_hall, corexii_hall_statues_x,
          corexii_hall_statues_u, columned_hall_lemuel, st_stairs_2,
          uniq_josephina
Crypt:2:  layout_gridlike, grunt_megastairs_1
Crypt:3:  church_of_pain_bobbens, layout_chaotic_city, nicolae_nh_vlads_tower,
          uniq_khufu
Depths:1: layout_twisted_cross, grunt_metal_band, rand_demon_pan_entry_5,
          nicolae_dithmenos_the_darkroom, nicolae_sif_muna_little_library,
          uniq_nikola, uniq_bai_suzhen
Depths:2: kennysheep_ambush_hall, layout_gridlike, enter_ziggurat_b,
          grunt_hell_entry_dis_mu, abyss_entry, pan_entry
Depths:3: evilmike_hourglass, layout_basic,
          nicolae_abyss_entry_one_way_or_another, hell_entry
Depths:4: grunt_zot_entry_bicorn, layout_cave_pools, minivault_14, hell_entry
Zot:1:    layout_twisted_circle, hangedman_snake_sidewinding, grunt_megastairs_3
Zot:2:    kennysheep_room_grid, layout_basic
Zot:3:    minmay_elemental_castle, layout_cathedral_of_symmetry
Zot:4:    dreamdust_zin_vs_xom, layout_basic
Zot:5:    layout_cathedral_of_symmetry, st_stairs_8

Skill      XL: |  1  2  3  4  5  6  7  8  9 10 11 12 13 14 15 16 17 18 19 20 21 22 23 24 25 26 27 |
---------------+----------------------------------------------------------------------------------+-----
Summonings     | 5 6 7 8 10 11 12 13 14 15 17 18 20 21 23 24 25 26 27 | 27.0
Spellcasting   | 3 4 5 7 8 9 10 11 12 13 14 15 16 17 18 19 20 | 20.6
Hexes          | 1 3 5 |  5.3
Air Magic      | 5 8 |  8.2
Fighting       | 3 5 7 8 9 10 11 12 13 14 15 16 17 18 19 20 | 20.6
Dodging        | 4 6 8 9 10 11 12 14 15 16 17 18 19 20 21 22 | 22.4
Fire Magic     | 6 7 |  7.0
Transmutations | 1 2 |  2.6
Translocations | 2 4 6 8 10 | 10.0
Necromancy     | 1 5 7 9 11 12 13 14 16 17 | 17.6
Earth Magic    | 2 |  2.0
Armour         | 2 6 7 |  7.0
Staves         | 2 6 8 9 |  9.0
Stealth        | 6 9 10 | 10.0

Action                     |  1- 3 |  4- 6 |  7- 9 | 10-12 | 13-15 | 16-18 | 19-21 | 22-24 | 25-27 || total
---------------------------+-------+-------+-------+-------+-------+-------+-------+-------+-------++-------
  Melee: Dagger            |    33 |     8 |    10 |       |       |       |       |       |       ||    51
         Kick              |    10 |     3 |    12 |     5 |    47 |    23 |    71 |   104 |   122 ||   397
         Peck              |     4 |     3 |     8 |     5 |    34 |    15 |    44 |    67 |    80 ||   260
         Punch             |     1 |       |       |       |       |       |       |       |       ||     1
         Staff             |       |       |    20 |    20 |     1 |       |       |       |       ||    41
         Short sword       |       |       |     2 |       |       |       |       |       |       ||     2
         Quarterstaff      |       |       |       |       |   119 |    45 |   123 |    26 |       ||   313
         Lajatang          |       |       |       |       |       |       |       |   147 |   192 ||   339
   Fire: Sling             |     4 |       |     4 |       |       |       |       |       |       ||     8
   Cast: Summon Small Mamm |    33 |     4 |     4 |     7 |       |       |       |       |       ||    48
         Call Canine Famil |     6 |     6 |    24 |    56 |    49 |    16 |     3 |       |       ||   160
         Call Imp          |     2 |     6 |    18 |    22 |       |       |       |       |       ||    48
         Summon Guardian G |       |     8 |    21 |    52 |    51 |    34 |     8 |     6 |       ||   180
         Summon Lightning  |       |       |     4 |    58 |    58 |    15 |     3 |     1 |       ||   139
         Inner Flame       |       |       |       |    16 |    11 |       |       |     5 |     1 ||    33
         Summon Hydra      |       |       |       |       |   122 |   153 |   137 |    47 |    27 ||   486
         Summon Forest     |       |       |       |       |    20 |    20 |     8 |    14 |    16 ||    78
         Airstrike         |       |       |       |       |    15 |    89 |     7 |    28 |     3 ||   142
         Blink             |       |       |       |       |     1 |     6 |    11 |     6 |     6 ||    30
         Dragon's Call     |       |       |       |       |       |    13 |    32 |    44 |    36 ||   125
         Haunt             |       |       |       |       |       |       |    38 |    87 |    60 ||   185
         Apportation       |       |       |       |       |       |       |       |    59 |   278 ||   337
         Monstrous Menager |       |       |       |       |       |       |       |    21 |     6 ||    27
         Swiftness         |       |       |       |       |       |       |       |     1 |     1 ||     2
         Summon Horrible T |       |       |       |       |       |       |       |       |    30 ||    30
         Passage of Golubr |       |       |       |       |       |       |       |       |     2 ||     2
         Malign Gateway    |       |       |       |       |       |       |       |       |     6 ||     6
         Sublimation of Bl |       |       |       |       |       |       |       |       |     1 ||     1
 Invoke: Call Merchant     |       |       |       |       |     2 |     2 |       |     1 |     1 ||     6
         Bribe Branch      |       |       |       |       |       |       |       |       |     6 ||     6
         Potion Petition   |       |       |       |       |       |       |       |       |     2 ||     2
  Evoke: Wand              |       |       |       |     1 |     6 |     1 |       |       |     4 ||    12
    Use: Scroll            |     4 |       |     2 |     6 |    12 |    10 |     7 |     2 |    16 ||    59
         Potion            |       |       |     1 |     1 |     5 |     2 |       |     9 |     8 ||    26
   Stab: Sleeping          |     2 |     1 |     1 |       |       |       |       |       |       ||     4
         Distracted        |       |       |     3 |       |     1 |       |     5 |    13 |    19 ||    41
 Armour: Robe              |    11 |     1 |     2 |     9 |    24 |     5 |       |       |       ||    52
         Steam dragon scal |       |       |       |       |       |       |    15 |    32 |    25 ||    72
  Dodge: Dodged            |    20 |     7 |    44 |    70 |   184 |   138 |   272 |   365 |   315 ||  1415
